1968 views
Uploaded 2023-04-05 21:24:14
Game version 1.35 (6115)
18:41 long 4on4 ladder game on (8)RoyalGardens_S2_v1.2
Saved by DKnight
1968 views
Uploaded 2023-04-05 21:24:14
Game version 1.35 (6115)
18:41 long 4on4 ladder game on (8)RoyalGardens_S2_v1.2


137 units @ 18.7k
/ 3k
69 buildings @ 11.3k
/ 4.7k


| Healing Salve | 3 | 300 |
| Lesser Clarity Potion | 5 | 350 |
| Potion of Mana | 3 | 600 |
| Potion of Healing | 2 | 300 |
| Orb of Lightning | 1 | 375 |
| Circlet of Nobility | 1 | 175 |
| Potion of Greater Mana | 1 | 400 |
| Talisman of Evasion | 1 | 300 |
| Mantle of Intelligence +3 | 1 | 100 |
| total: | 18 | 2900g |
| Peon | 13 | 975 | / | 0 |
| Troll Headhunter | 10 | 1400 | / | 200 |
| Wind Rider | 5 | 1325 | / | 200 |
| Troll Batrider | 4 | 640 | / | 160 |
| total: | 32 | 4340g | / | 560w |
| Watch Tower | 4 | 440 | / | 320 |
| War Mill | 1 | 205 | / | 0 |
| Barracks | 1 | 180 | / | 50 |
| Orc Burrow | 6 | 960 | / | 240 |
| Altar of Storms | 1 | 180 | / | 50 |
| Voodoo Lounge | 2 | 260 | / | 60 |
| Great Hall | 1 | 385 | / | 185 |
| Beastiary | 4 | 580 | / | 560 |
| Stronghold | 1 | 315 | / | 190 |
| Fortress | 1 | 325 | / | 190 |
| total: | 20 | 3190g | / | 1465w |
| 0:02 | Peon |
| 0:02 | Peon |
| 0:32 | Peon |
| 0:34 | War Mill |
| 0:51 | Peon |
| 0:53 | Peon |
| 0:57 | Barracks |
| 1:07 | Orc Burrow |
| 1:22 | Altar of Storms |
| 1:23 | Peon |
| 1:40 | Orc Burrow |
| 1:58 | Peon |
| 1:59 | Troll Headhunter |
| 2:07 | Peon |
| 2:11 | Troll Headhunter |
| 2:26 | Voodoo Lounge |
| 2:38 | Peon |
| 2:53 | Troll Headhunter |
| 3:06 | Troll Headhunter |
| 3:14 | Troll Headhunter |
| 3:27 | Shockwave |
| 3:29 | Healing Salve |
| 3:31 | Lesser Clarity Potion |
| 3:49 | Troll Headhunter |
| 4:14 | Troll Headhunter |
| 4:49 | Endurance Aura |
| 4:53 | Great Hall |
| 5:08 | Stronghold |
| 5:11 | Steel Ranged Weapons |
| 5:55 | Troll Headhunter |
| 6:06 | Circlet of Nobility |
| 6:14 | Watch Tower |
| 6:23 | Steel Armor |
| 6:31 | Orc Burrow |
| 6:38 | Healing Salve |
| 6:53 | Shockwave |
| 7:28 | Reinforced Defenses |
| 8:30 | Healing Wave |
| 8:34 | Fortress |
| 8:35 | Troll Regeneration |
| 8:37 | Peon |
| 8:37 | Peon |
| 8:37 | Peon |
| 8:39 | Orc Burrow |
| 8:52 | Thorium Ranged Weapons |
| 8:54 | Troll Headhunter |
| 9:10 | Peon |
| 9:14 | Watch Tower |
| 9:31 | Beastiary |
| 9:35 | Troll Headhunter |
| 9:41 | Lesser Clarity Potion |
| 9:43 | Potion of Mana |
| 9:44 | Lesser Clarity Potion |
| 9:46 | Potion of Healing |
| 10:19 | Potion of Greater Mana |
| 10:27 | Talisman of Evasion |
| 10:35 | Mantle of Intelligence +3 |
| 10:45 | Orc Burrow |
| 10:46 | Thorium Armor |
| 10:52 | Orc Burrow |
| 11:37 | Berserker Upgrade |
| 11:38 | Envenomed Spears |
| 11:40 | Beastiary |
| 11:55 | Hex |
| 12:46 | Endurance Aura |
| 12:50 | Wind Rider |
| 12:51 | Beastiary |
| 13:42 | Wind Rider |
| 13:46 | Beastiary |
| 14:16 | Wind Rider |
| 14:25 | Potion of Healing |
| 14:25 | Potion of Mana |
| 14:28 | Healing Salve |
| 14:28 | Lesser Clarity Potion |
| 14:34 | Lesser Clarity Potion |
| 14:34 | Potion of Mana |
| 14:42 | Orb of Lightning |
| 14:48 | Watch Tower |
| 14:50 | Wind Rider |
| 14:52 | Liquid Fire |
| 15:14 | Healing Wave |
| 15:23 | Wind Rider |
| 15:30 | Troll Batrider |
| 15:50 | Arcanite Ranged Weapons |
| 16:08 | Voodoo Lounge |
| 16:30 | Troll Batrider |
| 17:16 | Watch Tower |
| 17:20 | Shockwave |
| 17:22 | Hex |
| 18:02 | Troll Batrider |
| 18:02 | Troll Batrider |
| Right click | 1089 |
| Select group | 675 |
| Select | 280 |
| Chat | 165 |
| Build/train/purchase | 88 |
| Use ability | 47 |
| Minimap ping | 23 |
| Assign group | 17 |
| Item give/drop | 8 |
| Misc. action | 3 |


| Rod of Necromancy | 3 | 450 |
| Potion of Healing | 3 | 450 |
| Potion of Mana | 2 | 400 |
| Orb of Corruption | 1 | 375 |
| Scroll of Town Portal | 1 | 350 |
| Scroll of Healing | 3 | 750 |
| Potion of Lesser Invulnerability | 1 | 150 |
| total: | 14 | 2925g |
| Acolyte | 7 | 525 | / | 0 |
| Ghoul | 4 | 480 | / | 0 |
| Crypt Fiend | 10 | 2150 | / | 400 |
| Obsidian Statue | 6 | 1200 | / | 210 |
| Frost Wyrm | 3 | 1155 | / | 360 |
| Abomination | 1 | 240 | / | 70 |
| total: | 31 | 5750g | / | 1040w |
| Spirit Tower | 2 | 290 | / | 80 |
| Crypt | 1 | 200 | / | 50 |
| Altar of Darkness | 1 | 180 | / | 50 |
| Ziggurat | 6 | 900 | / | 300 |
| Graveyard | 1 | 215 | / | 0 |
| Tomb of Relics | 1 | 130 | / | 30 |
| Necropolis | 2 | 450 | / | 0 |
| Slaughterhouse | 1 | 140 | / | 135 |
| Boneyard | 1 | 175 | / | 200 |
| Halls of the Dead | 1 | 320 | / | 210 |
| Black Citadel | 2 | 650 | / | 460 |
| total: | 14 | 2390g | / | 765w |
| 0:03 | Acolyte |
| 0:03 | Acolyte |
| 0:09 | Crypt |
| 0:23 | Altar of Darkness |
| 0:35 | Ziggurat |
| 1:10 | Graveyard |
| 1:12 | Ghoul |
| 1:26 | Tomb of Relics |
| 1:43 | Ghoul |
| 1:53 | Ghoul |
| 2:09 | Ziggurat |
| 2:19 | Ghoul |
| 2:24 | Death Coil |
| 2:32 | Rod of Necromancy |
| 3:05 | Halls of the Dead |
| 3:29 | Unholy Aura |
| 3:38 | Crypt Fiend |
| 3:53 | Crypt Fiend |
| 4:15 | Ziggurat |
| 4:41 | Crypt Fiend |
| 5:01 | Crypt Fiend |
| 5:30 | Acolyte |
| 5:50 | Unholy Aura |
| 6:17 | Necropolis |
| 6:18 | Acolyte |
| 6:25 | Potion of Healing |
| 6:25 | Rod of Necromancy |
| 6:31 | Frost Nova |
| 6:37 | Slaughterhouse |
| 6:47 | Acolyte |
| 6:57 | Necropolis |
| 6:59 | Acolyte |
| 7:54 | Crypt Fiend |
| 7:56 | Black Citadel |
| 8:39 | Ziggurat |
| 8:40 | Ziggurat |
| 8:50 | Crypt Fiend |
| 8:52 | Creature Attack |
| 8:56 | Potion of Healing |
| 8:56 | Potion of Mana |
| 9:05 | Obsidian Statue |
| 9:18 | Acolyte |
| 9:20 | Ziggurat |
| 9:42 | Web |
| 10:01 | Crypt Fiend |
| 10:52 | Spirit Tower |
| 11:00 | Improved Creature Attack |
| 11:08 | Obsidian Statue |
| 12:06 | Scroll of Town Portal |
| 12:06 | Orb of Corruption |
| 12:10 | Scroll of Healing |
| 12:21 | Boneyard |
| 12:23 | Obsidian Statue |
| 12:26 | Destroyer Form |
| 12:56 | Dark Ritual |
| 13:29 | Death Pact |
| 14:38 | Crypt Fiend |
| 14:39 | Frost Wyrm |
| 14:41 | Obsidian Statue |
| 14:59 | Rod of Necromancy |
| 15:00 | Scroll of Healing |
| 15:00 | Scroll of Healing |
| 15:05 | Potion of Healing |
| 15:05 | Potion of Mana |
| 15:20 | Crypt Fiend |
| 15:21 | Frost Wyrm |
| 15:23 | Obsidian Statue |
| 16:04 | Frost Wyrm |
| 16:05 | Crypt Fiend |
| 16:40 | Frost Nova |
| 16:43 | Obsidian Statue |
| 16:48 | Abomination |
| 16:51 | Potion of Lesser Invulnerability |
| 17:08 | Advanced Creature Attack |
| 17:08 | Creature Carapace |
| 18:13 | Death Coil |
| Right click | 892 |
| Select group | 831 |
| Select | 307 |
| Misc. action | 122 |
| Build/train/purchase | 95 |
| Use ability | 45 |
| Assign group | 41 |
| Item give/drop | 6 |
| Remove unit | 1 |
| Minimap ping | 1 |


| Potion of Healing | 2 | 300 |
| Orb of Venom | 1 | 325 |
| Lesser Clarity Potion | 1 | 70 |
| Scroll of Town Portal | 1 | 350 |
| total: | 5 | 1045g |
| Wisp | 24 | 1440 | / | 0 |
| Archer | 8 | 1040 | / | 80 |
| Dryad | 11 | 1595 | / | 660 |
| Hippogryph | 4 | 640 | / | 80 |
| total: | 47 | 4715g | / | 820w |
| Moon Well | 8 | 1440 | / | 320 |
| Altar of Elders | 1 | 180 | / | 50 |
| Ancient of War | 1 | 150 | / | 60 |
| Ancient of Wonders | 1 | 90 | / | 30 |
| Tree of Life | 1 | 340 | / | 185 |
| Hunter's Hall | 1 | 210 | / | 100 |
| Ancient of Lore | 2 | 310 | / | 290 |
| Ancient of Wind | 1 | 150 | / | 140 |
| Tree of Ages | 1 | 320 | / | 180 |
| Tree of Eternity | 1 | 330 | / | 200 |
| total: | 16 | 2870g | / | 1175w |
| 0:02 | Wisp |
| 0:02 | Wisp |
| 0:02 | Wisp |
| 0:03 | Wisp |
| 0:03 | Wisp |
| 0:03 | Wisp |
| 0:33 | Moon Well |
| 0:45 | Altar of Elders |
| 0:56 | Ancient of War |
| 1:33 | Wisp |
| 1:34 | Wisp |
| 1:37 | Moon Well |
| 1:53 | Ancient of Wonders |
| 2:03 | Archer |
| 2:03 | Archer |
| 2:03 | Archer |
| 2:35 | Moon Well |
| 2:39 | Wisp |
| 2:39 | Wisp |
| 2:46 | Immolation |
| 2:54 | Archer |
| 3:15 | Tree of Ages |
| 3:23 | Archer |
| 3:52 | Evasion |
| 4:06 | Tree of Life |
| 4:09 | Archer |
| 4:32 | Hunter's Hall |
| 4:42 | Archer |
| 4:54 | Archer |
| 5:48 | Ancient of Lore |
| 5:49 | Wisp |
| 5:49 | Wisp |
| 5:49 | Wisp |
| 6:02 | Strength of the Wild |
| 6:33 | Immolation |
| 6:48 | Wisp |
| 6:49 | Wisp |
| 6:51 | Ancient of Lore |
| 6:53 | Wisp |
| 6:53 | Wisp |
| 6:53 | Wisp |
| 6:53 | Wisp |
| 6:54 | Wisp |
| 6:57 | Trueshot Aura |
| 7:14 | Wisp |
| 7:16 | Abolish Magic |
| 7:18 | Reinforced Hides |
| 8:24 | Dryad |
| 8:26 | Improved Strength of the Wild |
| 8:29 | Wisp |
| 8:29 | Wisp |
| 8:29 | Wisp |
| 8:31 | Tree of Eternity |
| 8:50 | Dryad |
| 9:00 | Moon Well |
| 9:04 | Moon Well |
| 9:18 | Potion of Healing |
| 9:20 | Dryad |
| 9:59 | Dryad |
| 10:06 | Improved Reinforced Hides |
| 10:13 | Moon Well |
| 10:32 | Dryad |
| 11:10 | Dryad |
| 11:12 | Advanced Strength of the Wild |
| 11:14 | Moon Well |
| 12:03 | Ancient of Wind |
| 12:06 | Advanced Reinforced Hides |
| 13:01 | Dryad |
| 13:36 | Searing Arrows |
| 13:47 | Dryad |
| 13:47 | Dryad |
| 13:48 | Dryad |
| 13:48 | Dryad |
| 14:30 | Well Spring |
| 14:30 | Ultravision |
| 14:32 | Hippogryph |
| 14:32 | Hippogryph |
| 14:32 | Hippogryph |
| 14:41 | Nature's Blessing |
| 14:58 | Druid of the Claw Adept Training |
| 15:19 | Moon Well |
| 15:24 | Scroll of Town Portal |
| 15:24 | Potion of Healing |
| 15:25 | Orb of Venom |
| 15:26 | Lesser Clarity Potion |
| 15:46 | Hippogryph |
| 15:51 | Druid of the Claw Master Training |
| 16:28 | Evasion |
| 18:19 | Immolation |
| 18:21 | Trueshot Aura |
| Right click | 448 |
| Select | 302 |
| Build/train/purchase | 101 |
| Chat | 52 |
| Use ability | 3 |
| Item give/drop | 3 |
| Remove unit | 3 |

| Healing Salve | 3 | 300 |
| Lesser Clarity Potion | 2 | 140 |
| Scroll of Speed | 1 | 50 |
| Tiny Great Hall | 2 | 1200 |
| total: | 8 | 1690g |
| Peon | 10 | 750 | / | 0 |
| Grunt | 3 | 600 | / | 0 |
| Raider | 14 | 2520 | / | 560 |
| total: | 27 | 3870g | / | 560w |
| Watch Tower | 3 | 330 | / | 240 |
| Altar of Storms | 1 | 180 | / | 50 |
| Barracks | 1 | 180 | / | 50 |
| Orc Burrow | 6 | 960 | / | 240 |
| Voodoo Lounge | 3 | 390 | / | 90 |
| War Mill | 1 | 205 | / | 0 |
| Beastiary | 2 | 290 | / | 280 |
| Spirit Lodge | 2 | 300 | / | 300 |
| Stronghold | 2 | 630 | / | 380 |
| Fortress | 2 | 650 | / | 380 |
| total: | 19 | 2835g | / | 1250w |
| 0:01 | Peon |
| 0:02 | Peon |
| 0:06 | Altar of Storms |
| 0:10 | Barracks |
| 0:29 | Orc Burrow |
| 0:39 | Peon |
| 0:57 | Peon |
| 1:02 | Peon |
| 1:21 | Grunt |
| 1:31 | Peon |
| 1:42 | Orc Burrow |
| 2:01 | Voodoo Lounge |
| 2:05 | Voodoo Lounge |
| 2:10 | Peon |
| 2:17 | Shockwave |
| 2:36 | Grunt |
| 2:56 | Stronghold |
| 3:21 | Grunt |
| 3:44 | Endurance Aura |
| 3:59 | Healing Salve |
| 4:00 | Healing Salve |
| 4:00 | Lesser Clarity Potion |
| 5:28 | Shockwave |
| 5:34 | Beastiary |
| 5:39 | Beastiary |
| 5:50 | Pillage |
| 6:29 | War Mill |
| 6:54 | Ensnare |
| 6:55 | Raider |
| 6:55 | Raider |
| 7:03 | Orc Burrow |
| 7:07 | Orc Burrow |
| 8:00 | Raider |
| 8:01 | Raider |
| 8:24 | Backpack |
| 8:26 | Reinforced Defenses |
| 8:28 | Peon |
| 8:29 | Peon |
| 8:40 | Orc Burrow |
| 8:50 | Lesser Clarity Potion |
| 8:51 | Scroll of Speed |
| 8:57 | Healing Salve |
| 9:05 | Steel Melee Weapons |
| 9:09 | Orc Burrow |
| 10:34 | Raider |
| 10:34 | Raider |
| 10:57 | Fortress |
| 11:01 | Thorium Melee Weapons |
| 11:02 | Spiked Barricades |
| 12:00 | Raider |
| 12:06 | Spirit Lodge |
| 12:07 | Spirit Lodge |
| 13:14 | Endurance Aura |
| 13:34 | Raider |
| 13:34 | Raider |
| 14:17 | Raider |
| 14:18 | Raider |
| 14:36 | Improved Spiked Barricades |
| 14:38 | Peon |
| 15:02 | Voodoo Lounge |
| 15:18 | Raider |
| 15:43 | Raider |
| 16:07 | Raider |
| 16:48 | Tiny Great Hall |
| 16:48 | Tiny Great Hall |
| 17:19 | Watch Tower |
| 17:21 | Watch Tower |
| 17:21 | Watch Tower |
| 18:16 | Shockwave |
| Right click | 1082 |
| Select | 304 |
| Chat | 278 |
| Select group | 256 |
| Misc. action | 74 |
| Build/train/purchase | 72 |
| Assign group | 53 |
| Use ability | 51 |
| Minimap ping | 17 |
| Esc | 5 |
| Resource trade | 4 |
| Item give/drop | 2 |
118 units @ 17.3k
/ 1.8k
97 buildings @ 11.8k
/ 5.1k


| Healing Salve | 1 | 100 |
| Lesser Clarity Potion | 2 | 140 |
| Orb of Lightning | 1 | 375 |
| Tiny Great Hall | 2 | 1200 |
| Potion of Mana | 2 | 400 |
| total: | 8 | 2215g |
| Peon | 18 | 1350 | / | 0 |
| Grunt | 6 | 1200 | / | 0 |
| Shaman | 10 | 1300 | / | 200 |
| Troll Witch Doctor | 9 | 1305 | / | 225 |
| total: | 43 | 5155g | / | 425w |
| Watch Tower | 5 | 550 | / | 400 |
| Altar of Storms | 1 | 180 | / | 50 |
| Orc Burrow | 4 | 640 | / | 160 |
| Barracks | 1 | 180 | / | 50 |
| Voodoo Lounge | 1 | 130 | / | 30 |
| War Mill | 1 | 205 | / | 0 |
| Spirit Lodge | 2 | 300 | / | 300 |
| Stronghold | 2 | 630 | / | 380 |
| Fortress | 2 | 650 | / | 380 |
| total: | 15 | 2185g | / | 990w |
| 0:01 | Peon |
| 0:01 | Peon |
| 0:06 | Altar of Storms |
| 0:14 | Orc Burrow |
| 0:18 | Peon |
| 0:35 | Barracks |
| 0:37 | Peon |
| 0:47 | Peon |
| 0:47 | Peon |
| 0:56 | Peon |
| 1:16 | Peon |
| 1:31 | Orc Burrow |
| 1:40 | Grunt |
| 1:41 | Grunt |
| 1:49 | Peon |
| 1:49 | Peon |
| 2:03 | Voodoo Lounge |
| 2:08 | Feral Spirit |
| 2:22 | Grunt |
| 2:52 | Stronghold |
| 3:12 | Grunt |
| 3:12 | Grunt |
| 3:28 | Chain Lighting |
| 3:35 | War Mill |
| 3:51 | Grunt |
| 4:03 | Orc Burrow |
| 4:44 | Orc Burrow |
| 5:18 | Fortress |
| 5:22 | Spirit Lodge |
| 5:24 | Spirit Lodge |
| 5:38 | Feral Spirit |
| 6:44 | Shaman Adept Training |
| 6:44 | Witch Doctor Adept Training |
| 7:13 | Breath of Fire |
| 7:56 | Shaman Master Training |
| 7:56 | Witch Doctor Master Training |
| 9:13 | Shaman |
| 9:13 | Troll Witch Doctor |
| 9:16 | Shaman |
| 9:18 | Healing Salve |
| 9:26 | Lesser Clarity Potion |
| 9:27 | Orb of Lightning |
| 9:28 | Tiny Great Hall |
| 9:32 | Potion of Mana |
| 9:47 | Shaman |
| 9:48 | Troll Witch Doctor |
| 10:26 | Shaman |
| 10:27 | Troll Witch Doctor |
| 10:54 | Chain Lighting |
| 10:56 | Troll Witch Doctor |
| 10:57 | Shaman |
| 11:29 | Shaman |
| 11:30 | Troll Witch Doctor |
| 11:31 | Troll Regeneration |
| 11:57 | Drunken Haze |
| 12:08 | Shaman |
| 12:09 | Troll Witch Doctor |
| 13:20 | Shaman |
| 13:20 | Troll Witch Doctor |
| 14:33 | Shaman |
| 14:33 | Troll Witch Doctor |
| 14:53 | Lesser Clarity Potion |
| 14:56 | Potion of Mana |
| 14:57 | Tiny Great Hall |
| 15:06 | Watch Tower |
| 15:07 | Watch Tower |
| 15:07 | Watch Tower |
| 15:29 | Peon |
| 15:29 | Peon |
| 15:29 | Peon |
| 15:29 | Peon |
| 15:35 | Peon |
| 15:35 | Peon |
| 15:36 | Shaman |
| 15:36 | Troll Witch Doctor |
| 15:46 | Reinforced Defenses |
| 15:47 | Spiked Barricades |
| 16:08 | Peon |
| 16:09 | Peon |
| 16:19 | Watch Tower |
| 16:24 | Watch Tower |
| Right click | 1225 |
| Select group | 658 |
| Select | 419 |
| Build/train/purchase | 112 |
| Minimap ping | 84 |
| Use ability | 40 |
| Assign group | 38 |
| Misc. action | 34 |
| Item give/drop | 6 |
| Esc | 6 |
| Remove unit | 5 |


| Healing Salve | 4 | 400 |
| Scroll of Speed | 4 | 200 |
| Lesser Clarity Potion | 3 | 210 |
| Potion of Healing | 2 | 300 |
| Orb of Lightning | 1 | 375 |
| Scroll of Town Portal | 2 | 700 |
| Scroll of Healing | 1 | 250 |
| Scroll of Protection | 1 | 150 |
| Potion of Lesser Invulnerability | 1 | 150 |
| total: | 19 | 2735g |
| Peon | 8 | 600 | / | 0 |
| Grunt | 11 | 2200 | / | 0 |
| Spirit Walker | 1 | 195 | / | 35 |
| Tauren | 1 | 280 | / | 80 |
| total: | 21 | 3275g | / | 115w |
| Watch Tower | 1 | 110 | / | 80 |
| Altar of Storms | 1 | 180 | / | 50 |
| Orc Burrow | 8 | 1280 | / | 320 |
| Barracks | 2 | 360 | / | 100 |
| Voodoo Lounge | 1 | 130 | / | 30 |
| War Mill | 1 | 205 | / | 0 |
| Great Hall | 2 | 770 | / | 370 |
| Tauren Totem | 2 | 270 | / | 310 |
| Stronghold | 1 | 315 | / | 190 |
| Fortress | 1 | 325 | / | 190 |
| total: | 18 | 3305g | / | 1260w |
| 0:01 | Peon |
| 0:04 | Altar of Storms |
| 0:09 | Peon |
| 0:17 | Orc Burrow |
| 0:26 | Peon |
| 0:36 | Barracks |
| 0:49 | Peon |
| 0:59 | Peon |
| 1:18 | Peon |
| 1:25 | Orc Burrow |
| 1:39 | Grunt |
| 1:39 | Grunt |
| 1:47 | Peon |
| 2:05 | Feral Spirit |
| 2:18 | Grunt |
| 2:33 | Voodoo Lounge |
| 3:02 | Stronghold |
| 3:28 | Grunt |
| 3:31 | Orc Burrow |
| 3:41 | Chain Lighting |
| 3:57 | Grunt |
| 4:07 | Barracks |
| 4:19 | Healing Salve |
| 4:19 | Scroll of Speed |
| 4:56 | Grunt |
| 5:21 | Feral Spirit |
| 5:23 | Grunt |
| 5:25 | Berserker Strength |
| 5:53 | Grunt |
| 5:59 | Orc Burrow |
| 7:09 | Healing Salve |
| 7:09 | Lesser Clarity Potion |
| 7:10 | Scroll of Speed |
| 7:10 | Potion of Healing |
| 7:12 | Grunt |
| 7:13 | Healing Wave |
| 8:44 | Grunt |
| 9:00 | War Mill |
| 9:06 | Great Hall |
| 9:13 | Chain Lighting |
| 9:29 | Great Hall |
| 9:34 | Grunt |
| 10:02 | Healing Salve |
| 10:24 | Scroll of Town Portal |
| 10:27 | Lesser Clarity Potion |
| 10:32 | Scroll of Speed |
| 12:00 | Fortress |
| 13:13 | Hex |
| 14:29 | Watch Tower |
| 14:32 | Reinforced Defenses |
| 14:36 | Orc Burrow |
| 14:39 | Orc Burrow |
| 14:45 | Tauren Totem |
| 15:05 | Lesser Clarity Potion |
| 15:22 | Healing Salve |
| 15:26 | Scroll of Speed |
| 15:32 | Orb of Lightning |
| 15:33 | Scroll of Town Portal |
| 15:39 | Potion of Healing |
| 15:48 | Peon |
| 15:49 | Orc Burrow |
| 15:52 | Spiked Barricades |
| 16:15 | Spirit Walker |
| 16:16 | Spirit Walker Adept Training |
| 16:24 | Scroll of Healing |
| 16:24 | Scroll of Protection |
| 16:37 | Steel Armor |
| 16:48 | Tauren |
| 16:49 | Pulverize |
| 16:52 | Tauren Totem |
| 16:58 | Orc Burrow |
| 17:34 | Potion of Lesser Invulnerability |
| 18:08 | Healing Wave |
| Right click | 1100 |
| Select group | 553 |
| Select | 285 |
| Build/train/purchase | 87 |
| Assign group | 42 |
| Use ability | 34 |
| Misc. action | 32 |
| Minimap ping | 6 |
| Item give/drop | 3 |
| Remove unit | 3 |
| Esc | 2 |


| Scroll of Town Portal | 2 | 700 |
| total: | 2 | 700g |
| Peasant | 13 | 975 | / | 0 |
| Rifleman | 13 | 2665 | / | 390 |
| Priest | 2 | 270 | / | 20 |
| Goblin Shredder | 1 | 375 | / | 100 |
| total: | 29 | 4285g | / | 510w |
| Scout Tower | 22 | 660 | / | 440 |
| Arcane Tower | 4 | 280 | / | 200 |
| Guard Tower | 8 | 560 | / | 400 |
| Farm | 17 | 1360 | / | 340 |
| Barracks | 2 | 320 | / | 120 |
| Blacksmith | 1 | 140 | / | 60 |
| Altar of Kings | 1 | 180 | / | 50 |
| Lumber Mill | 1 | 120 | / | 0 |
| Town Hall | 2 | 770 | / | 410 |
| Arcane Vault | 1 | 130 | / | 30 |
| Arcane Sanctum | 2 | 300 | / | 280 |
| Gryphon Aviary | 3 | 420 | / | 450 |
| Keep | 1 | 320 | / | 210 |
| Castle | 1 | 360 | / | 210 |
| total: | 52 | 4400g | / | 2180w |
| 0:02 | Peasant |
| 0:03 | Peasant |
| 0:15 | Farm |
| 0:17 | Farm |
| 0:25 | Peasant |
| 0:36 | Peasant |
| 0:48 | Peasant |
| 0:49 | Peasant |
| 1:20 | Peasant |
| 1:36 | Barracks |
| 1:41 | Blacksmith |
| 1:44 | Altar of Kings |
| 1:49 | Peasant |
| 1:50 | Peasant |
| 1:58 | Barracks |
| 2:08 | Farm |
| 2:09 | Farm |
| 2:10 | Farm |
| 2:11 | Farm |
| 2:27 | Peasant |
| 2:40 | Peasant |
| 2:52 | Rifleman |
| 2:58 | Lumber Mill |
| 3:14 | Rifleman |
| 3:26 | Farm |
| 3:27 | Farm |
| 3:31 | Peasant |
| 3:47 | Peasant |
| 3:51 | Summon Water Elemental |
| 4:06 | Scout Tower |
| 4:06 | Scout Tower |
| 4:09 | Scout Tower |
| 4:10 | Scout Tower |
| 4:23 | Rifleman |
| 5:01 | Rifleman |
| 5:35 | Brilliance Aura |
| 5:37 | Rifleman |
| 6:00 | Town Hall |
| 6:06 | Scout Tower |
| 6:07 | Scout Tower |
| 6:09 | Scout Tower |
| 6:40 | Summon Water Elemental |
| 7:11 | Rifleman |
| 7:14 | Arcane Tower |
| 7:16 | Guard Tower |
| 7:22 | Improved Lumber Harvesting |
| 8:17 | Rifleman |
| 8:32 | Scout Tower |
| 8:33 | Scout Tower |
| 8:33 | Scout Tower |
| 8:36 | Improved Masonry |
| 8:44 | Town Hall |
| 8:48 | Scout Tower |
| 9:04 | Arcane Tower |
| 9:05 | Guard Tower |
| 9:12 | Scout Tower |
| 9:13 | Scout Tower |
| 9:15 | Guard Tower |
| 9:19 | Guard Tower |
| 9:56 | Rifleman |
| 10:09 | Guard Tower |
| 10:32 | Arcane Vault |
| 10:55 | Goblin Shredder |
| 11:05 | Keep |
| 11:11 | Farm |
| 11:12 | Farm |
| 11:13 | Farm |
| 11:24 | Scout Tower |
| 11:24 | Scout Tower |
| 11:26 | Scout Tower |
| 11:35 | Scout Tower |
| 11:35 | Scout Tower |
| 11:36 | Scout Tower |
| 11:37 | Scout Tower |
| 12:24 | Rifleman |
| 12:25 | Rifleman |
| 12:33 | Arcane Tower |
| 12:35 | Guard Tower |
| 12:48 | Guard Tower |
| 13:02 | Black Gunpowder |
| 13:07 | Arcane Tower |
| 13:27 | Arcane Sanctum |
| 13:29 | Arcane Sanctum |
| 13:33 | Advanced Masonry |
| 13:34 | Long Rifles |
| 13:35 | Rifleman |
| 14:44 | Studded Leather Armor |
| 14:50 | Rifleman |
| 14:51 | Priest |
| 14:51 | Priest Adept Training |
| 15:04 | Guard Tower |
| 15:09 | Scout Tower |
| 15:16 | Scout Tower |
| 15:37 | Refined Gunpowder |
| 15:44 | Castle |
| 15:49 | Farm |
| 15:50 | Farm |
| 15:51 | Farm |
| 15:52 | Farm |
| 15:53 | Farm |
| 15:53 | Farm |
| 16:40 | Scroll of Town Portal |
| 16:40 | Scroll of Town Portal |
| 17:03 | Rifleman |
| 17:04 | Priest |
| 17:37 | Flame Strike |
| 18:14 | Iron Forged Swords |
| 18:20 | Gryphon Aviary |
| 18:20 | Gryphon Aviary |
| 18:22 | Gryphon Aviary |
| Right click | 585 |
| Select | 234 |
| Build/train/purchase | 71 |
| Misc. action | 30 |
| Select group | 25 |
| Assign group | 8 |
| Resource trade | 7 |
| Use ability | 5 |
| Minimap ping | 5 |
| Remove unit | 2 |


| Rod of Necromancy | 1 | 150 |
| Orb of Corruption | 1 | 375 |
| Scroll of Healing | 1 | 250 |
| Scroll of Town Portal | 2 | 700 |
| Potion of Lesser Invulnerability | 1 | 150 |
| Circlet of Nobility | 1 | 175 |
| total: | 7 | 1800g |
| Acolyte | 2 | 150 | / | 0 |
| Ghoul | 2 | 240 | / | 0 |
| Crypt Fiend | 12 | 2580 | / | 480 |
| Obsidian Statue | 5 | 1000 | / | 175 |
| Banshee | 4 | 620 | / | 120 |
| total: | 25 | 4590g | / | 775w |
| Nerubian Tower | 1 | 100 | / | 20 |
| Crypt | 1 | 200 | / | 50 |
| Graveyard | 1 | 215 | / | 0 |
| Altar of Darkness | 1 | 180 | / | 50 |
| Ziggurat | 6 | 900 | / | 300 |
| Tomb of Relics | 1 | 130 | / | 30 |
| Slaughterhouse | 1 | 140 | / | 135 |
| Temple of the Damned | 1 | 155 | / | 140 |
| Halls of the Dead | 1 | 320 | / | 210 |
| Black Citadel | 1 | 325 | / | 230 |
| total: | 12 | 1920g | / | 705w |
| 0:04 | Acolyte |
| 0:10 | Crypt |
| 0:12 | Graveyard |
| 0:18 | Acolyte |
| 0:43 | Altar of Darkness |
| 1:00 | Ziggurat |
| 1:13 | Ghoul |
| 1:30 | Tomb of Relics |
| 1:40 | Ziggurat |
| 2:00 | Crypt Fiend |
| 2:16 | Nerubian Tower |
| 2:22 | Ghoul |
| 2:47 | Death Coil |
| 2:50 | Rod of Necromancy |
| 2:59 | Crypt Fiend |
| 3:29 | Halls of the Dead |
| 3:52 | Crypt Fiend |
| 3:55 | Unholy Aura |
| 4:14 | Crypt Fiend |
| 4:25 | Ziggurat |
| 5:54 | Black Citadel |
| 6:00 | Slaughterhouse |
| 6:12 | Death Coil |
| 6:47 | Temple of the Damned |
| 6:51 | Crypt Fiend |
| 7:01 | Obsidian Statue |
| 7:13 | Frost Nova |
| 7:16 | Ziggurat |
| 8:29 | Crypt Fiend |
| 8:31 | Banshee Adept Training |
| 8:32 | Obsidian Statue |
| 9:07 | Ziggurat |
| 9:09 | Crypt Fiend |
| 9:11 | Destroyer Form |
| 9:43 | Web |
| 9:58 | Orb of Corruption |
| 10:07 | Scroll of Healing |
| 11:01 | Banshee Master Training |
| 11:02 | Burrow |
| 11:12 | Scroll of Town Portal |
| 11:57 | Frost Armor |
| 12:00 | Obsidian Statue |
| 12:02 | Crypt Fiend |
| 12:06 | Crypt Fiend |
| 12:07 | Obsidian Statue |
| 12:31 | Banshee |
| 13:29 | Unholy Aura |
| 13:59 | Frost Nova |
| 14:49 | Scroll of Town Portal |
| 14:52 | Crypt Fiend |
| 14:53 | Banshee |
| 14:55 | Obsidian Statue |
| 15:24 | Crypt Fiend |
| 15:33 | Ziggurat |
| 16:13 | Potion of Lesser Invulnerability |
| 16:18 | Circlet of Nobility |
| 16:32 | Banshee |
| 16:56 | Banshee |
| 17:24 | Crypt Fiend |
| 18:16 | Death Coil |
| Right click | 985 |
| Select group | 388 |
| Select | 233 |
| Build/train/purchase | 92 |
| Use ability | 34 |
| Assign group | 27 |
| Misc. action | 3 |
| Item give/drop | 1 |